 Dungeon Crawl Stone Soup version 0.30-a0-272-gf98c3da03f (webtiles) character file.

Game seed: 10405880588885879488

114 Harunobu the Stinger (level 4, -1/27 HPs)
             Began as an Octopode Venom Mage on Oct 15, 2022.
             Slain by an orc
             ... wielding a +0 war axe
              (7 damage)
             ... on level 3 of the Dungeon.
             The game lasted 00:07:07 (2239 turns).

Harunobu the Stinger (Octopode Venom Mage)          Turns: 2239, Time: 00:07:07

Health: -1/27      AC:  1    Str:  9    XL:     4   Next: 97%
Magic:  5/8        EV: 13    Int: 17    God:
Gold:   204        SH:  0    Dex: 12    Spells: 0/8 levels left

rFire   . . .      SeeInvis .    (no weapon)
rCold   . . .      Faith    .    (no shield)
rNeg    . . .      Spirit   .    (helmet restricted)
rPois   .          Reflect  .    (no amulet)
rElec   .          Harm     .    (no ring)
rCorr   .          Rampage  .    (no ring)
Will    .....                    (no ring)
Stlth   +++.......               (no ring)
HPRegen 0.24/turn                (no ring)
MPRegen 0.11/turn                (no ring)
                                 (no ring)
                                 (no ring)

@: no status effects
A: almost no armour, amphibious, 8 rings, camouflage 1, gelatinous body 1,
(nimble swimmer 1), tentacles
a: no special abilities


You were on level 3 of the Dungeon.
You visited 1 branch of the dungeon, and saw 3 of its levels.

You collected 204 gold pieces.

Inventory:

Jewellery
 b - an amulet of faith
Scrolls
 c - a scroll of butterflies {unknown}
 d - 2 scrolls of torment {unknown}
 g - a scroll of poison {unknown}
 h - a scroll of enchant armour {unknown}
 i - 2 scrolls of identify {unknown}
 j - a scroll of fear {unknown}
Potions
 a - a potion of magic
 e - a potion of might {unknown}
 f - 3 potions of flight {unknown}


   Skills:
 + Level 0.4 Fighting
 + Level 2.5 Dodging
 + Level 3.0 Stealth
 + Level 0.1 Unarmed Combat
 + Level 2.8 Spellcasting
 + Level 2.0 Transmutations
 + Level 4.9 Poison Magic


You couldn't memorise any spells.
You knew the following spells:

 Your Spells              Type           Power      Damage    Failure   Level
a - Sting                 Tmut/Pois      56%        1d5       4%          1
b - Olgreb's Toxic Radia  Pois           19%        N/A       22%         4
c - Mephitic Cloud        Conj/Pois/Air  8%         N/A       26%         3

Your spell library contained the following spells:

 Spells                   Type           Power      Damage    Failure   Level
 Poisonous Vapours        Pois/Air       20%        N/A       10%         2
 Magic Dart               Conj           8%         1d3       19%         1
 Summon Small Mammal      Summ           8%         N/A       19%         1
 Call Imp                 Summ           2%         N/A       26%         2
 Call Canine Familiar     Summ           2%         N/A       47%         3
 Summon Guardian Golem    Hex/Summ       2%         N/A       47%         3


Dungeon Overview and Level Annotations

Branches:
Dungeon (3/15)

Altars:
Yredelemnul

Shops:
D:3 [


Innate Abilities, Weirdness & Mutations

You cannot wear most types of armour.
You are amphibious.
You can wear up to eight rings at the same time.
Your skin changes colour to match your surroundings (Stealth+).
Your rubbery body absorbs attacks. (AC +1, EV +1)
((You are camouflaged when in or above water. (Stealth+)))
You have tentacles for arms and can constrict up to eight enemies at once.


Message History

You now have 199 gold pieces (gained 17).
You now have 204 gold pieces (gained 5).
An orc comes into view. It is wielding a +0 war axe.
An orc comes into view. It is wielding a +0 club.
An orc comes into view. It is wielding a +0 hand axe.
The orc shouts!
An orc comes into view. It is wielding a +0 trident.
Casting: Sting (safe; 4% risk of failure)
Confirm with . or Enter, or press ? or * to list all spells.
Aiming: Sting (safe; 4% risk of failure)
Press: ? - help, Shift-Dir - straight line, f - orc
Aim: an orc, wielding a +0 war axe and wearing a +0 leather armour (wandering, hasn't noticed you, 71% to hit)
The sting misses the orc.
The orc shouts! x2; You hear a shout!
An orc priest comes into view. It is wielding a +0 falchion.
Casting: Sting (safe; 4% risk of failure)
Confirm with . or Enter, or press ? or * to list all spells.
Aiming: Sting (safe; 4% risk of failure)
Press: ? - help, Shift-Dir - straight line, f/p - orc
Aim: an orc, wielding a +0 war axe and wearing a +0 leather armour (71% to hit)
The sting hits the orc but does no damage.
The orc is poisoned.
The orc attacks as you move away! The orc closely misses you.
Casting: Sting (safe; 4% risk of failure)
Confirm with . or Enter, or press ? or * to list all spells.
Aiming: Sting (safe; 4% risk of failure)
Press: ? - help, Shift-Dir - straight line, f/p - orc
Aim: an orc, wielding a +0 war axe and wearing a +0 leather armour (poisoned, 71% to hit)
The sting misses the orc.
The orc hits you with a +0 war axe!
The orc priest invokes the aid of Beogh against you.
Beogh smites you!
Ouch! That really hurt!
* * * LOW HITPOINT WARNING * * *
Sorry, you're not good enough to have a special ability.
Casting: Sting (safe; 4% risk of failure)
Confirm with . or Enter, or press ? or * to list all spells.
The spell is astonishingly dangerous to miscast (22% risk of failure)!
Continue anyway?
Okay, then.
The orc attacks as you move away! The orc hits you with a +0 war axe!
You die...

#..#####
#......#
##.###.# ...#
#.# ##### #.#
#.# #.#
##############.#
.o.ooo.o@......#
.###############


You could see an orc priest and 4 orcs.

Vanquished Creatures
  A scorpion (D:2)
  A worm (D:2)
  A dart slug (D:2)
  5 ball pythons
  4 endoplasms
  10 giant cockroaches
  A goblin (D:2)
  3 hobgoblins
  7 jackals (D:1)
  3 quokkas (D:2)
  3 kobolds
  5 rats
44 creatures vanquished.

Vanquished Creatures (others)
  2 plants (D:1)
2 creatures vanquished.

Grand Total: 46 creatures vanquished

Notes
Turn   | Place    | Note
-------+----------+-------------------------------------------
     0 | D:1      | Harunobu the Octopode Venom Mage began the quest for the
                  | Orb.
     0 | D:1      | Reached XP level 1. HP: 11/11 MP: 3/3
   121 | D:1      | Reached XP level 2. HP: 9/17 MP: 1/5
   185 | D:1      | Reached skill level 4 in Poison Magic
   601 | D:1      | Found a faded altar of an unknown god.
   927 | D:2      | Identified the +0 plate armour of Xelusyut {Rampage Int+10
                  | Stlth-}
   996 | D:2      | Found a basalt altar of Yredelemnul.
  1149 | D:2      | Noticed a scorpion
  1156 | D:2      | Killed a scorpion
  1157 | D:2      | Reached XP level 3. HP: 19/21 MP: 4/7
  1157 | D:2      | Reached XP level 4. HP: 25/27 MP: 4/8
  1837 | D:2      | Learned a level 4 spell: Olgreb's Toxic Radiance
  1841 | D:2      | Learned a level 3 spell: Mephitic Cloud
  2150 | D:3      | Found Uredadao's Antique Armour Shop.
  2239 | D:3      | Slain by an orc

Illustrated notes

Levels and vault maps discovered:
D:1:      lightli_arrival_flooded_house, layout_basic,
          ebering_ecumenical_altar_mist
D:2:      minmay_roachtagon, layout_loops_corners, basic_altar,
          kennysheep_doodads
D:3:      layout_loops_ring, serial_shops, shop, minmay_misc_feat_doors,
          minivault_25

Skill      XL: |  1  2  3  4 |
---------------+-------------+-----
Poison Magic   | 4 |  4.9
Stealth        | 3 |  3.0
Transmutations | 2 |  2.0
Fighting       | |  0.4
Dodging        | |  2.5
Unarmed Combat | |  0.1
Spellcasting   | |  2.8

Action                   |  1- 3 |  4- 6 || total
-------------------------+-------+-------++-------
Melee: Unarmed           |    13 |       ||    13
       Constrict         |     4 |       ||     4
       Tentacles         |     4 |       ||     4
 Cast: Sting             |    27 |    39 ||    66
Armor: Skin              |     5 |     2 ||     7
Dodge: Dodged            |    32 |    18 ||    50

Table legend: (Time is in decaauts)
 A = Elapsed time spent in this place.
 B = Non-inter-level travel time spent in this place.
 C = Inter-level travel time spent in this place.
 D = Time resting spent in this place.
 E = Time spent auto-exploring this place.
 F = Levels seen in this place.
 G = Mean time per level.
                   A        B        C        D        E       F      G
               +--------+--------+--------+--------+--------+-----+--------+
         Total |   2238 |   2181 |     57 |    484 |   1192 |   3 |  746.0 |
       Dungeon |   2238 |   2181 |     57 |    484 |   1192 |   3 |  746.0 |
               +--------+--------+--------+--------+--------+-----+--------+

Top non-repeatable levels by time:
     D:2: 1224 daAuts
     D:1: 924 daAuts
     D:3: 89 daAuts
